 Seeded DCSS version 0.29.1-13-g9f3cf754e1 (webtiles) character file.

Game seed: 16245865983455551772 (custom seed)

4 OTABOTABOTAB the Shooter (level 1, 16/16 HPs)
             Began as a Formicid Hunter on Jan 24, 2023.
             Quit the game on level 1 of the Dungeon.
             The game lasted 00:00:25 (69 turns).

OTABOTABOTAB the Shooter (Formicid Hunter)            Turns: 69, Time: 00:00:26

Health: 16/16      AC:  3    Str: 15    XL:     1   Next: 66%
Magic:  1/1        EV: 12    Int:  8    God:
Gold:   0          SH:  0    Dex: 17    Spells: 0/0 levels left

rFire   . . .      SeeInvis +   a - +0 shortbow
rCold   . . .      Faith    .   (no shield)
rNeg    . . .      Spirit   .   c - +0 leather armour
rPois   .          Reflect  .   (helmet unavailable)
rElec   .          Harm     .   (no cloak)
rCorr   .          Rampage  .   (no gloves)
Will    .....                   (no boots)
Stlth   ++........              (no amulet)
HPRegen 0.05/turn               (no ring)
MPRegen 0.07/turn               (no ring)

@: studying Ranged Weapons
A: permanent stasis, dig shafts and tunnels, antennae 3, four strong arms
a: Dig, Shaft Self


You were on level 1 of the Dungeon.
You visited 1 branch of the dungeon, and saw 1 of its levels.

Inventory:

Hand Weapons
 a - a +0 shortbow (weapon)
Missiles
 s - 6 stones
Armour
 b - the +1 pair of boots "Ytiu" {Str+3}
   (You acquired it on level 1 of the Dungeon)

   Str:       It affects your strength (+3).
 c - a +0 leather armour (worn)
Jewellery
 d - the ring "Pogevvex" {rElec rCorr}
   (You acquired it on level 1 of the Dungeon)

   [ring of resist corrosion]

   rElec:     It insulates you from electricity.
   rCorr:     It protects you from acid and corrosion.
Scrolls
 K - a scroll of immolation {!r}


   Skills:
 + Level 2.3 Fighting
 + Level 4.0 Ranged Weapons
 + Level 1.8 Dodging
 + Level 1.4 Stealth


You couldn't memorise any spells.
You didn't know any spells.
Your spell library was empty.

Dungeon Overview and Level Annotations

Branches:
Dungeon (1/15)

Altars:


Innate Abilities, Weirdness & Mutations

You cannot be hasted, slowed, berserked, paralysed or teleported.
You can dig through walls and to a lower floor.
You have a pair of large antennae on your head. (SInv)
Your four strong arms can wield two-handed weapons with a shield.


Message History

Bad channel name for runrest: 'Jiyva says: Divide and consume' Welcome, OTABOTABOTAB the Formicid Hunter.
Game seed: 16245865983455551772 (custom seed)
Found a sling.
Found a staircase leading out of the dungeon.
Found an escape hatch in the floor.
Found an escape hatch in the floor.
A goblin comes into view. It is wielding a +0 dagger.
You shoot an arrow. The arrow hits the goblin!
You kill the goblin!
No target in view!
No target in view!
No target in view!
No target in view!
You sense a monster nearby.
No target in view!
No target in view!
No target in view!
No target in view!
A quokka comes into view.
You shoot an arrow. The arrow barely misses the quokka.
You shoot an arrow. The arrow hits the quokka!
You kill the quokka!
No target in view!
No target in view!
No target in view!
An endoplasm comes into view.
The endoplasm quivers.
You shoot an arrow. The arrow hits the endoplasm.
You shoot an arrow.
The arrow hits the endoplasm but does no damage.
You shoot an arrow.
The arrow hits the endoplasm but does no damage.
You shoot an arrow. The arrow hits the endoplasm.
You kill the endoplasm!
No target in view!
No target in view!
You sense a monster nearby.
s - 6 stones You see here a +0 dagger.
b - 3 scrolls labelled WAC GOIFOFITOUPLEC This is a scroll of acquirement!
You see here a manual of Ranged Weapons.
Something appears at your feet!
You pick up a manual of Ranged Weapons and begin studying.
Something appears at your feet!
d - the ring "Pogevvex" {rElec rCorr} Something appears at your feet!
b - the +1 pair of boots "Ytiu" {Str+3}

## #. #.# #
#.######..##
##.##.#.@.......
........#..#....
##.##...#..# .
#...###.# #...#.#..
{ ...# #..##.##.##
.... #..#)..#..#{
....# ##.##...##.##
....#
#..#.....#..#.....#


There were no monsters in sight!

Vanquished Creatures
  An endoplasm (D:1)
  A goblin (D:1)
  A quokka (D:1)
3 creatures vanquished.

Notes
Turn   | Place    | Note
-------+----------+-------------------------------------------
     0 | D:1      | OTABOTABOTAB the Formicid Hunter began the quest for the
                  | Orb.
     0 | D:1      | Reached XP level 1. HP: 16/16 MP: 1/1
    63 | D:1      | Identified 3 scrolls of acquirement
    63 | D:1      | Acquired a manual of Ranged Weapons
    65 | D:1      | Acquired the ring "Pogevvex" {rElec rCorr}
    67 | D:1      | Acquired the +1 pair of boots "Ytiu" {Str+3}
    69 | D:1      | Quit the game

Illustrated notes

Levels and vault maps discovered:
D:1:      minmay_arrival_hallway, layout_loops_corners, basic_ecumenical_altar,
          minmay_unequal

Action                   || total
-------------------------++-------
 Fire: Shortbow          ||     7
  Use: Scroll            ||     3

Table legend: (Time is in decaauts)
 A = Elapsed time spent in this place.
 B = Non-inter-level travel time spent in this place.
 C = Inter-level travel time spent in this place.
 D = Time resting spent in this place.
 E = Time spent auto-exploring this place.
 F = Levels seen in this place.
 G = Mean time per level.
                   A        B        C        D        E       F      G
               +--------+--------+--------+--------+--------+-----+--------+
         Total |     71 |     71 |      0 |      0 |     48 |   1 |   71.0 |
       Dungeon |     71 |     71 |      0 |      0 |     48 |   1 |   71.0 |
               +--------+--------+--------+--------+--------+-----+--------+

Top non-repeatable levels by time:
     D:1: 71 daAuts

Table legend:
 A = Kills in this place as a percentage of kills in entire the game.
 B = Kills by you in this place as a percentage of kills by you in the entire game.
 C = Kills by friends in this place as a percentage of kills by friends in the entire game.
 D = Other kills in this place as a percentage of other kills in the entire game.
 E = Experience gained in this place as a percentage of experience gained in the entire game.
 F = Experience gained in this place divided by the number of levels of this place that you have seen.
                   A       B       C       D       E      F
               +-------+-------+-------+-------+-------+----------------------
         Total | 100.0 | 100.0 |   N/A |   N/A | 100.0 |   6.0
       Dungeon | 100.0 | 100.0 |   N/A |   N/A | 100.0 |   6.0
               +-------+-------+-------+-------+-------+----------------------
